 Dungeon Crawl Stone Soup version 0.21-a0-225-g207ae17 (webtiles) character file.

16156 tidbits the Fighter (level 12, -1/135 HPs)
             Began as a White Draconian Wanderer on Aug 28, 2017.
             Was an Elder of Wu Jian.
             Engulfed by a cloud of freezing vapour (12 damage)
             ... in an ice cave.
             The game lasted 01:55:51 (7396 turns).

tidbits the Fighter (White Draconian Wanderer)      Turns: 7396, Time: 01:55:52

Health: -1/135     AC: 13    Str: 13    XL:     12   Next: 7%
Magic:  1/19       EV: 26    Int: 13    God:    Wu Jian [****..]
Gold:   194        SH:  6    Dex: 20    Spells: 4/21 levels left

rFire    . . .     SeeInvis .   a - +5 dagger (elec)
rCold    + . .     Gourm    .   D - +0 buckler {rPois}
rNeg     . . .     Faith    .   (armour unavailable)
rPois    +         Spirit   .   (helmet restricted)
rElec    .         Reflect  .   C - +0 cloak (curse)
rCorr    .         Harm     .   G - +0 pair of gloves
MR       .....                  (no boots)
Stlth    ++++......             (no amulet)
HPRegen  0.32/turn              W - ring of wizardry
MPRegen  0.16/turn              X - +3 ring of protection

@: agile
A: breathe frost, unfitting armour, cold resistance 1, robust 2, weak 1,
cold-blooded, AC +8
a: Breathe Frost, Serpent's Lash, Renounce Religion


You were in an ice cave.
You worshipped Wu Jian.
Wu Jian was greatly pleased with you.
You were not hungry.

You visited 3 branches of the dungeon, and saw 16 of its levels.
You also visited: Ice Cave.

You collected 589 gold pieces.
You spent 395 gold pieces at shops.

Inventory:

Hand Weapons
 a - a +5 dagger of electrocution (weapon)
   (You took it off a goblin on level 1 of the Dungeon)
 b - a +0 blowgun
 y - a +2 dire flail of holy wrath
   (You took it off Edmund on level 5 of the Dungeon)
 E - the +7 quarterstaff "Impslayer" {crush, rElec rF+ Dex+2}
   (You found it on level 1 of the Lair of Beasts)

   It inflicts extra damage upon your enemies.
   It affects your dexterity (+2).
   It protects you from fire.
   It insulates you from electricity.
Missiles
 j - 32 poisoned needles
 m - 35 stones (quivered)
 p - 84 arrows
 I - 11 tomahawks
Armour
 C - a cursed +0 cloak (worn)
 D - a +0 buckler of poison resistance (worn)
   (You acquired it on level 11 of the Dungeon)
 G - a +0 pair of gloves (worn)
Jewellery
 g - an uncursed ring of magical power
   (You found it on level 1 of the Lair of Beasts)
 K - an uncursed ring of resist corrosion
   (You found it on level 4 of the Dungeon)
 W - a ring of wizardry (left hand)
   (You bought it in a shop on level 11 of the Dungeon)
 X - a +3 ring of protection (right hand)
   (You found it on level 1 of the Lair of Beasts)
Wands
 w - a wand of iceblast (0/15)
 B - a wand of confusion (4/48)
 F - a wand of polymorph (12/24)
 H - a wand of paralysis (0/24)
 M - a wand of confusion (14/48)
 Q - a wand of confusion (31/48)
 S - a wand of disintegration (0/24)
 T - a wand of lightning (0/15)
Scrolls
 k - 2 scrolls of amnesia
 l - 2 scrolls of remove curse
 t - a scroll of teleportation
 v - 2 scrolls of blinking
 x - a scroll of fog
 Y - 2 scrolls of immolation
Potions
 o - a potion of heal wounds {unknown}
 q - a potion of haste
 r - a potion of invisibility {unknown}
 u - a potion of flight {unknown}
 z - a potion of might
 L - a potion of resistance
 O - a potion of brilliance {unknown}
 P - 2 potions of curing
 R - a potion of cancellation {unknown}
 V - a potion of mutation {!q}
Books
 c - a book of Minor Magic

   Spells                             Type                      Level
   a - Magic Dart                     Conjuration                  1
   b - Blink                          Translocation                2
   c - Call Imp                       Summoning                    2
   d - Slow                           Hexes                        2
   e - Conjure Flame                  Conjuration/Fire             3
   f - Mephitic Cloud                 Conjuration/Poison/Air       3
 n - a book of Frost
   (You found it on level 1 of the Lair of Beasts)

   Spells                             Type                      Level
   a - Freeze                         Ice                          1
   b - Throw Frost                    Conjuration/Ice              2
   c - Ozocubu's Armour               Charms/Ice                   3
   d - Throw Icicle                   Conjuration/Ice              4
   e - Summon Ice Beast               Ice/Summoning                4
 A - a book of Maledictions
   (You found it on level 5 of the Dungeon)

   Spells                             Type                      Level
   a - Corona                         Hexes                        1
   b - Ensorcelled Hibernation        Hexes/Ice                    2
   c - Confuse                        Hexes                        3
   d - Tukima's Dance                 Hexes                        3
   e - Dazzling Spray                 Conjuration/Hexes            3
 U - a book of Flames
   (You found it on level 1 of the Lair of Beasts)

   Spells                             Type                      Level
   a - Flame Tongue                   Conjuration/Fire             1
   b - Throw Flame                    Conjuration/Fire             2
   c - Conjure Flame                  Conjuration/Fire             3
   d - Inner Flame                    Hexes/Fire                   3
   e - Sticky Flame                   Conjuration/Fire             4
   f - Fireball                       Conjuration/Fire             5
Comestibles
 d - 5 bread rations
 f - a chunk of flesh
 Z - 6 fruits


   Skills:
 - Level 12.8 Fighting
 - Level 10.7 Dodging
 - Level 3.2 Stealth
 - Level 4.0 Shields
 + Level 4.6 Unarmed Combat
 - Level 5.0 Spellcasting
 - Level 2.0 Conjurations
 - Level 3.3 Charms
 - Level 3.1 Summonings
 - Level 2.0 Translocations
 - Level 5.0 Ice Magic
 - Level 2.0 Air Magic
 - Level 2.2 Poison Magic


You had 4 spell levels left.
You knew the following spells:

 Your Spells              Type           Power        Failure   Level  Hunger
b - Blink                 Tloc           N/A          4%          2    ##.....
c - Conjure Flame         Conj/Fire      #.......     16%         3    ###....
i - Call Imp              Summ           ##......     3%          2    ##.....
m - Mephitic Cloud        Conj/Pois/Air  #.......     10%         3    ###....
o - Ozocubu's Armour      Chrm/Ice       ##......     4%          3    ###....
B - Summon Ice Beast      Ice/Summ       ##......     14%         4    ####...


Dungeon Overview and Level Annotations

Branches:
Dungeon (12/15)            Temple (1/1) D:4            Lair (3/6) D:10
  Swamp: Lair:2-4    Shoals: Lair:2-4     Snake: Lair:2-4    Spider: Lair:2-4
    Orc: D:9-12

Altars:
Cheibriados
Dithmenos
Elyvilon
Gozag
Hepliaklqana
Makhleb
Nemelex Xobeh
Qazlal
Ru
Sif Muna
Trog
Uskayaw
Vehumet
Wu Jian
Xom
Yredelemnul
Zin
The Shining One

Shops:
D:10 ?   D:11 *   D:12 =

Annotations:
D:1 1 runed door
D:5 yak's ghost, novice MiFi
D:7 exclusion: wight
D:10 Josephine


Innate Abilities, Weirdness & Mutations

You can breathe waves of freezing cold.
You can buffet flying creatures when you breathe cold.
Your icy white scales are hard. (AC +8)
You cannot fit into any form of body armour.
Your flesh is cold resistant. (rC+)
You are cold-blooded and may be slowed by cold attacks.
You are very robust. (+20% HP)
You are weak. (Str -2)


Message History

The yak appears confused.
The yak gores you!
* * * LOW HITPOINT WARNING * * *
Evoke which item? (* to show all) (? for menu, Esc to quit)
Okay, then.
Okay, then.
You feel agile all of a sudden.
The yak is engulfed in noxious fumes.
The yak appears confused.
The yak gores the wolf.
The yak is engulfed in noxious fumes.
The yak appears confused.
The yak gores the wolf!
You hit the yak. Lightning courses through the yak!
You kill the yak!
The Council accepts your kill.
The polar bear barely misses the polar bear. x2
The polar bear closely misses the polar bear.
The polar bear is engulfed in noxious fumes.
The polar bear appears confused.
The polar bear closely misses the wolf.
The polar bear misses the wolf.
The polar bear barely misses the wolf.
The yak is engulfed in noxious fumes.
The yak appears confused.
The wolf is engulfed in noxious fumes.
The wolf appears confused.
The wolf barely misses the polar bear.
You hit the wolf but do no damage.
The wolf is moderately wounded.
Your icy armour evaporates.
The wolf is engulfed in noxious fumes.
The wolf appears confused.
The polar bear bites the wolf!
The wolf is killed!
The Council accepts your kill.
Casting: Mephitic Cloud
Confirm with . or Enter, or press ? or * to list all spells.
Aiming: Mephitic Cloud
Press: ? - help, Shift-Dir - straight line, f - yak
Aim: a yak (severely wounded)
The ball explodes into a vile cloud!
The stinking cloud engulfs the yak.
The yak is severely wounded.
The stinking cloud engulfs the polar bear.
You are feeling very hungry.
The yak is engulfed in noxious fumes.
The yak appears confused.
The polar bear is engulfed in noxious fumes.
The polar bear appears confused.
The polar bear bites the yak!
The yak is killed!
The Council accepts your kill.
Casting: Mephitic Cloud
Confirm with . or Enter, or press ? or * to list all spells.
Aiming: Conjure Flame
Press: ? - help, Dir - move target cursor The fire ignites!
The polar bear is engulfed in noxious fumes.
The polar bear appears confused.
Eat one of 2 chunks of flesh? (ye/n/q)
You eat one of the 2 chunks of flesh.
This raw flesh tastes terrible.
The polar bear is engulfed in noxious fumes.
The polar bear appears confused.
Evoke which item? (* to show all) (? for menu, Esc to quit)
Aiming: Confuse
Press: ? - help, Shift-Dir - straight line, f - polar bear
Aim: a polar bear (noxious fumes, lightly wounded, confused, chance to defeat MR: 46%)
The polar bear resists with some effort.
This wand has 7 charges left.
The polar bear seems less confused.
The polar bear is engulfed in noxious fumes.
The polar bear appears confused.
Evoke which item? (* to show all) (? for menu, Esc to quit)
Aiming: Confuse
Press: ? - help, Shift-Dir - straight line, f/p - polar bear
Aim: a polar bear (confused, chance to defeat MR: 46%)
The polar bear appears confused.
This wand has 6 charges left.
The polar bear is engulfed in freezing vapours.
The yak is engulfed in freezing vapours.
You hit the yak. Lightning courses through the yak!
You kill the yak!
The Council accepts your kill.
The polar bear is engulfed in freezing vapours. x2
Evoke which item? (* to show all) (? for menu, Esc to quit)
Aiming: Confuse
Press: ? - help, Shift-Dir - straight line, f - polar bear, p - polar bear
Aim: a polar bear (freezing vapour, moderately wounded, chance to defeat MR: 46%)
The polar bear resists with some effort.
This wand has 5 charges left.
The polar bear is engulfed in freezing vapours. x2
Evoke which item? (* to show all) (? for menu, Esc to quit)
Aiming: Confuse
Press: ? - help, Shift-Dir - straight line, f/p - polar bear
Aim: a polar bear (heavily wounded, chance to defeat MR: 46%)
The polar bear appears confused.
This wand has 4 charges left.
The polar bear is engulfed in freezing vapours.
Casting: Conjure Flame
Confirm with . or Enter, or press ? or * to list all spells.
A chill wind blows around you.
You have got your breath back.
The polar bear is engulfed in freezing vapours. x2
What are your orders? t - Shout!
Orders for allies: a - Attack new target. p - Attack previous target. r - Retreat! s - Stop attacking. g - Guard the area. f - Follow me.
Anything else - Cancel.
Gang up on whom?
Press: ? - help, Dir - move target cursor, f/p - polar bear
Aim: a polar bear (heavily wounded, confused) Attack!
You are engulfed in freezing vapours.
You resist.
You die...

##..#####.###
##......#..#
####.##..###
#####...##
###..# ##
###§.## Y#
##§§.## hY
###Y#§## ###Y
###@§§h## ###..
##.###§§§#
#..†##
#.###..§##
#...####§#..h##
###hh.##†..###
###...†###
######


You could see a polar bear (confused) and a friendly ice beast.

Vanquished Creatures
  2 hydras
  A deep elf mage (D:10)
  A cyclops (D:10)
  Maurice (D:10)
  An ice statue (IceCv)
  A torpor snail (Lair:2)
  A spiny frog (Lair:3)
  A komodo dragon (D:10)
  A rime drake (IceCv)
  2 polar bears (IceCv)
  A troll (D:11)
  Grinder (D:3)
  A slime creature (D:11)
  3 dream sheep
  2 hippogriffs
  2 wraiths (D:10)
  15 yaks
  A basilisk (D:10)
  The ghost of Goblin1989 the Skirmisher, an amateur DsMo of Kikubaaqudgha (D:3)
  Edmund (D:5)
  2 water moccasins
  11 ice beasts
  4 porcupines
  2 orc warriors
  3 phantoms
  4 sky beasts
  2 black bears
  16 wolves
  7 ogres
  2 crocodiles
  3 big kobolds
  4 bullfrogs
  A wyvern skeleton (D:10)
  2 scorpions (D:9)
  2 howler monkeys
  3 wights (D:11)
  4 crimson imps
  3 jellies
  3 bullfrog skeletons
  3 bullfrog zombies
  4 orc priests
  3 hounds
  An iguana (D:8)
  Ijyb (D:5)
  Natasha (twice) (D:3)
  10 orc wizards
  7 worker ants
  A hound skeleton (D:5)
  A gnoll (D:8)
  9 adders
  A shadow imp (D:11)
  An ooze (D:6)
  2 adder zombies
  A dart slug (D:4)
  2 leopard geckos
  24 orcs
  A ball python (D:9)
  4 giant cockroaches
  6 goblins
  4 hobgoblins
  2 jackals (D:5)
  A quokka (D:5)
  7 bats
  12 kobolds
  5 rats
233 creatures vanquished.

Vanquished Creatures (collateral kills)
  2 two-headed ogres
  A hippogriff (D:11)
  A yak (D:10)
  3 porcupines (D:10)
  An eye of draining (D:11)
  3 ogres
  A bullfrog (D:11)
  A howler monkey (D:7)
  A hound (D:9)
  An orc wizard (D:6)
  An iguana (D:4)
  Terence (D:2)
  2 gnolls (D:8)
  5 adders
  A shadow imp (D:6)
  A worm (D:5)
  A leopard gecko (D:8)
  7 orcs
  A giant cockroach (D:3)
  A goblin (D:1)
  2 hobgoblins (D:2)
  A bat (D:2)
  4 kobolds
  2 rats (D:1)
45 creatures vanquished.

Vanquished Creatures (others)
  A rime drake (IceCv)
  A polar bear (IceCv)
  2 wolves
  2 bushes
  2 fungi
  11 plants
19 creatures vanquished.

Grand Total: 297 creatures vanquished

Notes
Turn   | Place    | Note
-------+----------+-------------------------------------------
     0 | D:1      | tidbits the Draconian Wanderer began the quest for the Orb.
     0 | D:1      | tidbits set off with: a book of Minor Magic, 2 potions of lignification, a +0 club, a bread ration
     0 | D:1      | Reached XP level 1. HP: 14/14 MP: 6/6
     1 | D:1      | Found a runed door.
     1 | D:1      | Noticed a jelly
   100 | D:1      | Reached skill level 1 in Fighting
   129 | D:1      | Reached XP level 2. HP: 18/23 MP: 8/8
   162 | D:1      | Learned a level 2 spell: Call Imp
   165 | D:1      | Learned a level 2 spell: Blink
   224 | D:1      | Reached skill level 1 in Summonings
   344 | D:2      | HP: 1/23 [adder (3)]
   346 | D:2      | Reached skill level 2 in Summonings
   346 | D:2      | Reached XP level 3. HP: 6/28 MP: 4/9
   359 | D:2      | HP: 2/28 [poisoned by an adder]
   452 | D:2      | Reached skill level 1 in Dodging
   509 | D:2      | Noticed Terence
   542 | D:2      | Killed Terence
   542 | D:2      | Reached skill level 2 in Fighting
   565 | D:2      | Reached XP level 4. HP: 22/36 MP: 11/11
   797 | D:3      | Noticed Grinder
   806 | D:3      | Killed Grinder
   806 | D:3      | Reached skill level 3 in Fighting
   806 | D:3      | Reached skill level 2 in Dodging
   806 | D:3      | Reached skill level 2 in Stealth
   806 | D:3      | Reached XP level 5. HP: 38/45 MP: 10/12
   806 | D:3      | Reached XP level 6. HP: 43/51 MP: 10/13
   851 | D:3      | Noticed Natasha
   860 | D:3      | Killed Natasha
   863 | D:3      | Noticed Goblin1989's ghost (amateur DsMo)
   890 | D:3      | Killed Goblin1989's ghost
   890 | D:3      | Reached skill level 4 in Fighting
   890 | D:3      | Reached skill level 3 in Dodging
   890 | D:3      | Reached skill level 3 in Stealth
   914 | D:3      | Noticed Natasha
   916 | D:3      | Killed Natasha
  1155 | D:4      | Found a staircase to the Ecumenical Temple.
  1160 | Temple   | Entered the Ecumenical Temple
  1184 | Temple   | Became a worshipper of the Wu Jian Council
  1209 | Temple   | Learned a level 3 spell: Mephitic Cloud
  1255 | D:5      | Entered Level 5 of the Dungeon
  1255 | D:5      | Noticed yak's ghost (novice MiFi)
  1357 | D:4      | Your scales start taking on an icy white colour.
  1357 | D:4      | Reached XP level 7. HP: 27/60 MP: 9/14
  1357 | D:4      | Gained mutation: Your flesh is cold resistant. (rC+) [White Draconian growth]
  1365 | D:4      | Reached skill level 1 in Conjurations
  1365 | D:4      | Reached skill level 1 in Air Magic
  1365 | D:4      | Reached skill level 1 in Poison Magic
  1487 | D:6      | Reached skill level 2 in Poison Magic
  1489 | D:6      | Reached skill level 2 in Conjurations
  1495 | D:6      | Reached skill level 2 in Air Magic
  1567 | D:5      | Noticed Edmund
  1615 | D:5      | Killed Edmund
  1615 | D:5      | Reached skill level 5 in Fighting
  1625 | D:5      | Found an opulent altar of Gozag.
  1722 | D:6      | Reached skill level 4 in Dodging
  1761 | D:7      | Reached * piety under Wu Jian
  1789 | D:6      | Reached XP level 8. HP: 39/69 MP: 7/15
  2111 | D:5      | Reached skill level 6 in Fighting
  2134 | D:5      | Noticed Ijyb
  2144 | D:5      | Killed Ijyb
  2234 | D:6      | Found a basalt altar of Yredelemnul.
  2309 | D:7      | Reached skill level 5 in Dodging
  2374 | D:7      | Found a hide-covered altar of Uskayaw.
  2502 | D:7      | Reached ** piety under Wu Jian
  2642 | D:7      | Reached skill level 7 in Fighting
  2652 | D:7      | Found a deep blue altar of Sif Muna.
  2665 | D:7      | Identified Sif Muna's Tome of Heresy
  2753 | D:7      | Reached skill level 6 in Dodging
  2938 | D:8      | Reached XP level 9. HP: 73/81 MP: 8/16
  3076 | D:8      | Found a white marble altar of Elyvilon.
  3087 | D:8      | Noticed a two-headed ogre
  3113 | D:8      | Killed a two-headed ogre
  3113 | D:8      | Reached skill level 8 in Fighting
  3113 | D:8      | Reached skill level 7 in Dodging
  3405 | D:8      | Found a shimmering altar of Xom.
  3433 | D:9      | Reached skill level 9 in Fighting
  3464 | D:9      | Found a burning altar of Makhleb.
  3519 | D:9      | Reached skill level 8 in Dodging
  3767 | D:9      | Found a sparkling altar of Nemelex Xobeh.
  3854 | D:10     | Entered Level 10 of the Dungeon
  3876 | D:9      | Reached skill level 10 in Fighting
  3952 | D:11     | Reached XP level 10. HP: 67/93 MP: 7/17
  3986 | D:12     | Found Virchebim's Jewellery Shoppe.
  4012 | D:11     | Noticed a four-headed hydra
  4039 | D:11     | Killed a four-headed hydra
  4039 | D:11     | Reached *** piety under Wu Jian
  4039 | D:11     | Reached skill level 9 in Dodging
  4043 | D:11     | Identified a scroll of acquirement
  4102 | D:11     | Reached skill level 2 in Shields
  4113 | D:11     | Reached skill level 3 in Shields
  4215 | D:11     | Reached skill level 4 in Shields
  4267 | D:11     | Found Daneacvaenku's Assorted Antiques.
  4270 | D:11     | Bought a lumpy coppery potion for 23 gold pieces
  4270 | D:11     | Bought a dented cameo amulet for 130 gold pieces
  4270 | D:11     | Bought a runed garnet ring for 130 gold pieces
  4270 | D:11     | Bought a scroll of identify for 52 gold pieces
  4415 | D:10     | Reached skill level 11 in Fighting
  4424 | D:10     | HP: 5/95 [yak (9)]
  4568 | D:11     | Reached **** piety under Wu Jian
  4839 | D:10     | Noticed a deep elf mage
  4903 | D:10     | Found a basalt altar of Yredelemnul.
  4921 | D:10     | Noticed Maurice
  4951 | D:10     | Noticed a cyclops
  5128 | D:10     | Killed a cyclops
  5128 | D:10     | Reached skill level 10 in Dodging
  5128 | D:10     | Reached XP level 11. HP: 66/104 MP: 18/18
  5153 | D:10     | Found a staircase to the Lair.
  5202 | D:10     | Killed a deep elf mage
  5384 | D:10     | Noticed Josephine
  5492 | D:10     | Killed Maurice
  5492 | D:10     | Reached skill level 12 in Fighting
  5544 | D:10     | Noticed a two-headed ogre
  5564 | D:10     | Killed a two-headed ogre
  5618 | D:10     | Found Xusicepoc's Magic Scroll Shop.
  5626 | D:10     | Bought a scroll of identify for 30 gold pieces
  5626 | D:10     | Bought a scroll of identify for 30 gold pieces
  5676 | Lair:1   | Entered Level 1 of the Lair of Beasts
  5750 | Lair:2   | HP: 9/105 [wolf (8)]
  5755 | Lair:2   | HP: 9/105 [water moccasin (2)]
  5760 | Lair:2   | HP: 4/105 [wolf (6)]
  5784 | Lair:2   | Gained mutation: You are weak. (Str -2) [potion of mutation]
  5784 | Lair:2   | Gained mutation: You are robust. (+10% HP) [potion of mutation]
  5784 | Lair:2   | Gained mutation: You are very robust. (+20% HP) [potion of mutation]
  5792 | Lair:2   | HP: 5/126 [wolf (7)]
  5808 | Lair:2   | HP: 5/126 [dream sheep[a torpor snail] (5)]
  5822 | Lair:1   | Learned a level 3 spell: Conjure Flame
  5909 | Lair:2   | HP: 9/126 [spiny frog (17)]
  6120 | Lair:1   | Learned a level 3 spell: Ozocubu's Armour
  6183 | Lair:1   | Got a translucent quarterstaff
  6191 | Lair:1   | Identified the +7 quarterstaff "Impslayer" {crush, rElec rF+ Dex+2} (You found it on level 1 of the Lair of Beasts)
  6377 | Lair:3   | Noticed a four-headed hydra
  6395 | Lair:3   | Killed a four-headed hydra
  6395 | Lair:3   | Reached skill level 2 in Ice Magic
  6419 | Lair:3   | Reached skill level 2 in Charms
  6605 | Lair:3   | Found a frozen archway.
  6611 | Lair:3   | Reached skill level 3 in Ice Magic
  6634 | Lair:3   | Reached skill level 3 in Charms
  6638 | Lair:3   | Reached skill level 4 in Ice Magic
  6654 | Lair:3   | Learned a level 4 spell: Summon Ice Beast
  6659 | IceCv    | Entered an ice cave
  6709 | IceCv    | Reached skill level 3 in Summonings
  6709 | IceCv    | Reached skill level 5 in Ice Magic
  6811 | IceCv    | Reached skill level 1 in Unarmed Combat
  6988 | IceCv    | Reached skill level 2 in Unarmed Combat
  7126 | IceCv    | HP: 9/127 [ice beast[an ice statue] (5)]
  7253 | IceCv    | Reached skill level 3 in Unarmed Combat
  7346 | IceCv    | Reached XP level 12. HP: 54/135 MP: 11/19
  7372 | IceCv    | Reached skill level 4 in Unarmed Combat
  7378 | IceCv    | HP: 13/135 [yak (16)]
  7383 | IceCv    | HP: 8/135 [yak (7)]
  7396 | IceCv    | Engulfed by a cloud of freezing vapour

Vault maps used:
D:1:      dpeg_arrival_caged_fury
D:2:      uniq_terence
D:3:      first_bread, kennysheep_cross_bottleneck, uniq_natasha, uniq_robin,
          uniq_grinder
D:4:      ashenzari_conservatory_becter, temple_doors_e, uniq_eustachio,
          uniq_pikel, uniq_sigmund
D:5:      serial_bayou_lagoon_a, grunt_gozag_breadcrumbs, uniq_edmund,
          uniq_blork_the_orc, uniq_ijyb
D:6:      lemuel_zombie_altar_kikubaaqudgha, yredelemnul_altar_generic,
          kennysheep_generic_room_7
D:7:      wad_pebble_path, led_sif_book, nicolae_overflow_crystal_walls
D:8:      lemuel_crystal_altar, minitemple
D:9:      makhleb_heckhound_becter, nemelex_altar_shiori
D:10:     minmay_lair_entry_grove, serial_shops, shop, nicolae_shop_waterfront,
          basic_altar, uniq_maurice, uniq_josephine
D:11:     wad_river_or_something, serial_shops, nicolae_shop_window_shopping
D:12:     zombieorc2_lemuel, serial_shops, shop, grunt_tengu_nest
Temple:   minmay_temple_bridge_abc
Lair:1:   serial_bayou_shore_b
Lair:2:   minmay_shoals_entry_lonely_mermaid, spider_nest_entry_a,
          grunt_forest_large_clearings
Lair:3:   portal_ice_cave_entry_ice_beasts, lemuel_fruit_tree
IceCv:    ice_cave_caverns_03

Skill      XL: |  1  2  3  4  5  6  7  8  9 10 11 12 |
---------------+-------------------------------------+-----
Fighting       | 1 2 3 4 5 7 10 11 12 | 12.8
Summonings     | 2 3 |  3.1
Dodging        | 1 2 3 4 6 8 10 | 10.7
Stealth        | 2 3 |  3.2
Conjurations   | 2 |  2.0
Air Magic      | 2 |  2.0
Poison Magic   | 2 |  2.2
Shields        | 4 |  4.0
Ice Magic      | 5 |  5.0
Charms         | 3 |  3.3
Unarmed Combat | 3 4 |  4.6
Spellcasting   | |  5.0
Translocations | |  2.0

Action                   |  1- 3 |  4- 6 |  7- 9 | 10-12 || total
-------------------------+-------+-------+-------+-------++-------
Melee: Club              |    35 |       |       |       ||    35
       Tailslap          |     6 |     7 |    45 |    77 ||   135
       Dagger            |    18 |    83 |   325 |   653 ||  1079
       Dire flail        |       |       |    33 |       ||    33
       Quarterstaff      |       |       |       |    19 ||    19
       Punch             |       |       |       |     1 ||     1
Throw: Stone             |       |       |       |     1 ||     1
 Cast: Call Imp          |    13 |    16 |    57 |    63 ||   149
       Blink             |     1 |       |    10 |    26 ||    37
       Mephitic Cloud    |       |       |     9 |    23 ||    32
       Ozocubu's Armour  |       |       |       |    10 ||    10
       Summon Ice Beast  |       |       |       |     8 ||     8
       Conjure Flame     |       |       |       |     1 ||     1
Invok: Serpent's Lash    |       |       |       |     4 ||     4
 Abil: Breathe Frost     |       |       |     1 |     7 ||     8
Evoke: Wand              |       |     6 |    15 |    41 ||    62
  Use: Potion            |     1 |     2 |       |     8 ||    11
       Scroll            |     2 |     5 |     7 |    16 ||    30
 Stab: Sleeping          |     2 |     1 |     7 |     6 ||    16
       Distracted        |       |       |     4 |     2 ||     6
       Confused          |       |       |     3 |     5 ||     8
       Paralysed         |       |       |       |     1 ||     1
  Eat: Chunk             |       |     2 |    10 |    17 ||    29
       Fruit             |       |     1 |     3 |     3 ||     7
       Meat ration       |       |       |       |     1 ||     1
Armor: Skin              |    18 |    26 |    77 |   138 ||   259
Dodge: Dodged            |    28 |    34 |   235 |   457 ||   754
Block: Buckler           |       |       |       |    93 ||    93

Table legend:
 A = Spawn XP
 B = Non-spawn XP
 C = Spawn XP percentage of total XP
 D = Spawn monster count
 E = Non-spawn monster count
 F = Spawn count percentage of total count
 G = Total turns spent on level
                    A         B        C        D         E        F      G
               +---------+---------+-------+---------+---------+-------+---------
         Total |    1917 |   21164 |   8.3 |      15 |     264 |   5.4 |  7396
               +---------+---------+-------+---------+---------+-------+---------
           D:1 |       3 |      22 |  12.0 |       2 |      15 |  11.8 |   279
           D:2 |       0 |      74 |   0.0 |       0 |      15 |   0.0 |   364
           D:3 |       0 |     543 |   0.0 |       0 |      25 |   0.0 |   487
           D:4 |       0 |     232 |   0.0 |       0 |       7 |   0.0 |   228
           D:5 |       0 |     418 |   0.0 |       0 |      11 |   0.0 |   439
           D:6 |       0 |     413 |   0.0 |       0 |      16 |   0.0 |   457
           D:7 |       0 |     778 |   0.0 |       0 |      25 |   0.0 |   521
           D:8 |     195 |    1215 |  13.8 |       5 |      12 |  29.4 |   636
           D:9 |     170 |    1638 |   9.4 |       4 |      22 |  15.4 |   938
          D:10 |    1152 |    4414 |  20.7 |       3 |      39 |   7.1 |   778
          D:11 |       0 |    2620 |   0.0 |       0 |      26 |   0.0 |   496
        Lair:1 |       0 |     727 |   0.0 |       0 |       4 |   0.0 |   558
        Lair:2 |       0 |    1428 |   0.0 |       0 |       9 |   0.0 |   111
        Lair:3 |     397 |    2437 |  14.0 |       1 |      13 |   7.1 |   314
         IceCv |       0 |    4205 |   0.0 |       0 |      25 |   0.0 |   737
               +---------+---------+-------+---------+---------+-------+---------

Table legend:
 A = Turns spent in this place as a percentage of turns spent in the entire game.
 B = Non-inter-level travel turns spent in this place as a percentage of non-inter-level travel turns spent in the entire game.
 C = Inter-level travel turns spent in this place as a percentage of turns spent in this place.
 D = Turns resting spent in this place as a percentage of non-inter-level travel turns spent in this place.
 E = Turns spent auto-exploring this place as a percentage of non-inter-level travel turns spent in this place.
 F = Non-inter-level travel turns spent in this place divided by the number of levels of this place that you've seen.
                   A       B       C       D       E      F
               +-------+-------+-------+-------+-------+----------------------
         Total | 100.0 | 100.0 |   4.0 |   0.0 |   0.0 | 417.6
       Dungeon |  76.1 |  75.7 |   4.5 |   0.0 |   0.0 | 447.8
        Temple |   0.7 |   0.4 |  40.0 |   0.0 |   0.0 |  30.0
          Lair |  13.3 |  13.5 |   2.5 |   0.0 |   0.0 | 319.3
      Ice Cave |  10.0 |  10.4 |   0.0 |   0.0 |   0.0 | 737.0
               +-------+-------+-------+-------+-------+----------------------

Table legend:
 A = Kills in this place as a percentage of kills in entire the game.
 B = Kills by you in this place as a percentage of kills by you in the entire game.
 C = Kills by friends in this place as a percentage of kills by friends in the entire game.
 D = Other kills in this place as a percentage of other kills in the entire game.
 E = Experience gained in this place as a percentage of experience gained in the entire game.
 F = Experience gained in this place divided by the number of levels of this place that you have seen.
                   A       B       C       D       E      F
               +-------+-------+-------+-------+-------+----------------------
         Total | 100.0 | 100.0 | 100.0 | 100.0 | 100.0 | 1357.7
       Dungeon |  81.4 |  79.4 | 100.0 |  16.7 |  60.2 | 1157.2
          Lair |   9.7 |  10.5 |   0.0 |  50.0 |  21.6 | 1663.0
      Ice Cave |   9.0 |  10.1 |   0.0 |  33.3 |  18.2 | 4205.0
               +-------+-------+-------+-------+-------+----------------------

Vault maps used:
D:1:      dpeg_arrival_caged_fury
D:2:      uniq_terence
D:3:      first_bread, kennysheep_cross_bottleneck, uniq_natasha, uniq_robin,
          uniq_grinder
D:4:      ashenzari_conservatory_becter, temple_doors_e, uniq_eustachio,
          uniq_pikel, uniq_sigmund
D:5:      serial_bayou_lagoon_a, grunt_gozag_breadcrumbs, uniq_edmund,
          uniq_blork_the_orc, uniq_ijyb
D:6:      lemuel_zombie_altar_kikubaaqudgha, yredelemnul_altar_generic,
          kennysheep_generic_room_7
D:7:      wad_pebble_path, led_sif_book, nicolae_overflow_crystal_walls
D:8:      lemuel_crystal_altar, minitemple
D:9:      makhleb_heckhound_becter, nemelex_altar_shiori
D:10:     minmay_lair_entry_grove, serial_shops, shop, nicolae_shop_waterfront,
          basic_altar, uniq_maurice, uniq_josephine
D:11:     wad_river_or_something, serial_shops, nicolae_shop_window_shopping
D:12:     zombieorc2_lemuel, serial_shops, shop, grunt_tengu_nest
Temple:   minmay_temple_bridge_abc
Lair:1:   serial_bayou_shore_b
Lair:2:   minmay_shoals_entry_lonely_mermaid, spider_nest_entry_a,
          grunt_forest_large_clearings
Lair:3:   portal_ice_cave_entry_ice_beasts, lemuel_fruit_tree
IceCv:    ice_cave_caverns_03
